 Dungeon Crawl Stone Soup version 0.29-a0-321-gf1c400731a (webtiles) character file.

Game seed: 10095011345428678296

24 spaghetti the Grave Robber (level 2, -3/20 HPs)
             Began as a Demigod Necromancer on Apr 4, 2022.
             Slain by a hobgoblin (4 damage)
             ... on level 1 of the Dungeon.
             The game lasted 00:01:17 (807 turns).

spaghetti the Grave Robber (Demigod Necromancer)     Turns: 807, Time: 00:01:18

Health: -3/20      AC:  2    Str:  9    XL:     2   Next: 60%
Magic:  0/7        EV: 13    Int: 17    God:
Gold:   0          SH:  0    Dex: 14    Spells: 3/4 levels left

rFire   . . .      SeeInvis .   (no weapon)
rCold   . . .      Faith    .   (no shield)
rNeg    . . .      Spirit   .   a - +0 robe
rPois   .          Reflect  .   (no helmet)
rElec   .          Harm     .   (no cloak)
rCorr   .          Rampage  .   (no gloves)
Will    .....                   (no boots)
Stlth   ++........              (no amulet)
HPRegen 0.06/turn               (no ring)
MPRegen 0.10/turn               (no ring)

@: flying
A: high MP 1, forlorn, divine attributes
a: no special abilities


You were on level 1 of the Dungeon.
You visited 1 branch of the dungeon, and saw 1 of its levels.


Innate Abilities, Weirdness & Mutations

You have an increased reservoir of magic. (+10% MP)
You shall have no god before yourself.
Your divine heritage dramatically boosts your attributes as you level up.


   Skills:
 + Level 3.1 Dodging
 - Level 1.7 Stealth
 - Level 1.7 Spellcasting
 - Level 3.6 Necromancy


You had 3 spell levels left.
You knew the following spells:

 Your Spells              Type           Power      Damage    Failure   Level
a - Pain                  Necr           52%        1d6       4%          1

Your spell library contained the following spells:

 Spells                   Type           Power      Damage    Failure   Level
 Animate Skeleton         Necr           26%        N/A       4%          1
 Vampiric Draining        Necr           13%        2d6       14%         3
 Animate Dead             Necr           6%         N/A       41%         4
 Agony                    Necr           13%        N/A       77%         5

Inventory:

Hand Weapons
 c - a +0 dagger {short}
   (You took it off a kobold on level 1 of the Dungeon)
 d - a +0 dagger {short}
   (You took it off a kobold on level 1 of the Dungeon)
 e - a +0 dagger {short}
   (You took it off a kobold on level 1 of the Dungeon)
 g - a +0 club {mace}
   (You took it off a kobold on level 1 of the Dungeon)
 j - a +0 whip {mace}
   (You found it on level 1 of the Dungeon)
Armour
 a - a +0 robe (worn)

Dungeon Overview and Level Annotations

Branches:
Dungeon (1/15)

#...# #####.######
#######...#######......#########
......'...+...................>#*
######.........###.....†......#,*
###..#####...##.............$*
#....#8,8#....##.............,
#.8###,,,###8.##..##.....##..,
#..+,,,_,,,+..###.##......$?.,
#.8#**,,,###8@###..##.##.###**
#...,*8,8#....g....##.#*...,*
####,****#...#####..#.#*.##.**
*,,,r[....* #..#.##.##,,,
**,,...###.* #..††.....,,,
**,,,..,**#.* **##.†....#.,,, ***
*,,,,.,,,,..* *,,....##.#,,,, *,*
*,,,,,,,,,..***,##..$#*,[.,*,
*,***,,,,,,,,,,,,,,,,...)#*,****,


You could see a hobgoblin.


Message History

The jackal bites you but does no damage.
Your Dodging skill increases to level 3! 😕 HP[-1]
You take 1 damage, and now have 19/20 hp.
Aiming: Pain (safe; 4% risk of failure)
Press: ? - help, Q - select action Shift-Dir - straight line, f - jackal
Aim: a jackal (chance to affect: 83%)
The jackal writhes in agony.
The jackal bites you but does no damage. 😕 HP[-1] MP[-1]
You take 1 damage, and now have 18/20 hp.
You lost 1 mp, and now have 6/7 mp.
Aiming: Pain (safe; 4% risk of failure)
Press: ? - help, Q - select action Shift-Dir - straight line, f/p - jackal
Aim: a jackal (heavily wounded, chance to affect: 83%)
The jackal writhes in agony.
The jackal misses you.
A frilled lizard comes into view. 😕 HP[-1] MP[-1]
You take 1 damage, and now have 17/20 hp.
You lost 1 mp, and now have 5/7 mp.
Aiming: Pain (safe; 4% risk of failure)
Press: ? - help, Q - select action Shift-Dir - straight line, f/p - jackal
Aim: a jackal (almost dead, chance to affect: 83%)
You miscast Pain.
You are very lightly contaminated with residual magic.
Nothing appears to happen.
The jackal barely misses you. The jackal closely misses you.
The jackal barely misses you. The jackal closely misses you.
The hobgoblin hits you. 😮 HP[-3] MP[-1]
You take 3 damage, and now have 14/20 hp.
You lost 1 mp, and now have 4/7 mp.
Aiming: Pain (safe; 4% risk of failure)
Press: ? - help, Q - select action Shift-Dir - straight line, f/p - jackal
Aim: a jackal (almost dead, chance to affect: 83%)
The jackal writhes in agony.
You kill the jackal!
The jackal misses you. The hobgoblin hits you.
* * * LOW HITPOINT WARNING * * *
😨 HP[-6] MP[-1]
You take 6 damage, and now have 8/20 hp.
MASSIVE DAMAGE!! (PAUSE)
You lost 1 mp, and now have 3/7 mp.
Aiming: Pain (safe; 4% risk of failure)
Press: ? - help, Q - select action Shift-Dir - straight line, f - jackal
Aim: a jackal (chance to affect: 83%)
The jackal writhes in agony.
The jackal closely misses you. The jackal misses you. The hobgoblin hits you.
* * * LOW HITPOINT WARNING * * *
😨 HP[-2] MP[-1]
You take 2 damage, and now have 6/20 hp.
You lost 1 mp, and now have 2/7 mp.
Aiming: Pain (safe; 4% risk of failure)
Press: ? - help, Q - select action Shift-Dir - straight line, f/p - jackal
Aim: a jackal (severely wounded, chance to affect: 83%)
The jackal barely resists.
The jackal bites you but does no damage.
The hobgoblin hits you.
* * * LOW HITPOINT WARNING * * *
😱 HP[-2] MP[-1]
You take 2 damage, and now have 4/20 hp.
You lost 1 mp, and now have 1/7 mp.
Aiming: Pain (safe; 4% risk of failure)
Press: ? - help, Q - select action Shift-Dir - straight line, f/p - jackal
Aim: a jackal (severely wounded, chance to affect: 83%)
The jackal writhes in agony.
You kill the jackal!
The hobgoblin hits you.
* * * LOW HITPOINT WARNING * * *
😱 HP[-2] MP[-1]
You take 2 damage, and now have 2/20 hp.
You lost 1 mp, and now have 0/7 mp.
You don't have enough magic to cast this spell.
Unknown command.
Okay, then.
You aren't carrying any potions.
As you read the scroll labelled KIUROA KESH, it crumbles to dust.
You feel aware of your surroundings.
You sensed 1 altar.
It was a scroll of magic mapping.
The hobgoblin misses you. 😱 HP[+1] Unknown command.
Your magical contamination has completely faded away.
The hobgoblin attacks as you move away! The hobgoblin closely misses you.
The frilled lizard bites you.
* * * LOW HITPOINT WARNING * * *
😱 HP[-1] MP[+1]
You take 1 damage, and now have 2/20 hp.
Aiming: Pain (safe; 4% risk of failure)
Press: ? - help, Q - select action Shift-Dir - straight line, f - frilled lizard
Aim: a frilled lizard (chance to affect: 83%)
The frilled lizard writhes in agony.
You kill the frilled lizard! 😱 HP[-1] MP[-1]
You take 1 damage, and now have 1/20 hp.
You lost 1 mp, and now have 0/7 mp.
A rat comes into view.
The hobgoblin attacks as you move away! The hobgoblin barely misses you.
The hobgoblin attacks as you move away! The hobgoblin hits you.
You die...

Skill      XL: |  1  2 |
---------------+-------+-----
Dodging        | 2 3 |  3.1
Stealth        | |  1.7
Spellcasting   | |  1.7
Necromancy     | |  3.6

Action                   || total
-------------------------++-------
 Cast: Pain              ||    41
  Use: Potion            ||     3
       Scroll            ||     1
Armor: Robe              ||     3
Dodge: Dodged            ||    15

Levels and vault maps discovered:
D:1:      dpeg_arrival_tiny_a, layout_basic,
          dreamdust_ecumenical_altar_angels_and_demons

Notes
Turn   | Place    | Note
-------+----------+-------------------------------------------
     0 | D:1      | spaghetti the Demigod Necromancer began the quest for the
                  | Orb.
     0 | D:1      | Reached XP level 1. HP: 14/14 MP: 5/5
     0 | D:1      | magus.rc [v1.9.6]
    49 | D:1      | Reached skill level 2 in Dodging
   614 | D:1      | Reached XP level 2. HP: 17/20 MP: 4/7
   791 | D:1      | Reached skill level 3 in Dodging
   796 | D:1      | HP: 4/20 [hobgoblin (1)]
   807 | D:1      | Slain by a hobgoblin

Vanquished Creatures
  A ball python (D:1)
  2 bats (D:1)
  3 endoplasms (D:1)
  2 hobgoblins (D:1)
  4 jackals (D:1)
  5 kobolds (D:1)
  A frilled lizard (D:1)
  2 rats (D:1)
20 creatures vanquished.

Table legend:
 A = Non-vault XP
 B = Vault XP
 C = Vault XP percentage of total XP
 D = Non-vault monster count
 E = Vault monster count
 F = Vault count percentage of total count
                 A         B        C        D         E       F
            +---------+---------+-------+---------+---------+-------
      Total |      35 |       0 |   0.0 |      20 |       0 |   0.0
            +---------+---------+-------+---------+---------+-------
        D:1 |      35 |       0 |   0.0 |      20 |       0 |   0.0
            +---------+---------+-------+---------+---------+-------

Illustrated notes

Table legend:
 A = Kills in this place as a percentage of kills in entire the game.
 B = Kills by you in this place as a percentage of kills by you in the entire game.
 C = Kills by friends in this place as a percentage of kills by friends in the entire game.
 D = Other kills in this place as a percentage of other kills in the entire game.
 E = Experience gained in this place as a percentage of experience gained in the entire game.
 F = Experience gained in this place divided by the number of levels of this place that you have seen.
                   A       B       C       D       E      F
               +-------+-------+-------+-------+-------+----------------------
         Total | 100.0 | 100.0 |   N/A |   N/A | 100.0 |  35.0
       Dungeon | 100.0 | 100.0 |   N/A |   N/A | 100.0 |  35.0
               +-------+-------+-------+-------+-------+----------------------

Table legend: (Time is in decaauts)
 A = Elapsed time spent in this place.
 B = Non-inter-level travel time spent in this place.
 C = Inter-level travel time spent in this place.
 D = Time resting spent in this place.
 E = Time spent auto-exploring this place.
 F = Levels seen in this place.
 G = Mean time per level.
                   A        B        C        D        E       F      G
               +--------+--------+--------+--------+--------+-----+--------+
         Total |    807 |    807 |      0 |    348 |    358 |   1 |  807.0 |
       Dungeon |    807 |    807 |      0 |    348 |    358 |   1 |  807.0 |
               +--------+--------+--------+--------+--------+-----+--------+

Top non-repeatable levels by time:
     D:1: 807 daAuts
